 Dungeon Crawl Stone Soup version 0.30-a0-1016-gfb0d676c02 (webtiles) character file.

Game seed: 9481224307515207323

10174 Newt the Skirmisher (level 11, -10/61 HPs)
             Began as a Kobold Hunter on Apr 6, 2023.
             Was an Elder of Hepliaklqana.
             Mangled by a boulder beetle (30 damage)
             ... on level 11 of the Dungeon.
             The game lasted 00:10:18 (11527 turns).

Newt the Skirmisher (Kobold Hunter)                Turns: 11527, Time: 00:10:19

Health: -10/61     AC:  5    Str:  9    XL:     11   Next: 88%
Magic:  18/21      EV: 19    Int: 10    God:    Hepliaklqana [****..]
Gold:   608        SH:  0    Dex: 23    Spells: 21/24 levels left

rFire   + . .      SeeInvis .    a - +7 shortbow
rCold   + . .      Faith    .    (shield currently unavailable)
rNeg    . . .      Spirit   .    s - +0 robe of Girasoru {Stlth+}
rPois   .          Reflect  .    (helmet restricted)
rElec   .          Rampage  .    F - scarf {harm}
rCorr   .          Harm     + .  d - +2 pair of gloves
Will    +....                    (no boots)
Stlth   ++++                     (no amulet)
HPRegen 0.30/turn                o - ring of protection from cold
MPRegen 0.17/turn                D - ring of protection from fire

@: freezing walls
A: reduced essence, small, no large weapons, nightstalker 3, horns 1, talons 1,
strong-willed 1, wild magic 1
a: Renounce Religion, Recall Ancestor, Ancestor Identity, Transference, Idealise


You were on level 11 of the Dungeon.
You worshipped Hepliaklqana.
Hepliaklqana was greatly pleased with you.
You visited 1 branch of the dungeon, and saw 12 of its levels.

You collected 608 gold pieces.

Inventory:

Hand Weapons
 a - a +7 shortbow (weapon)
 j - the +8 hand axe of the Inferno {holy, rElec rF+ Int+4}
   (You took it off an orc on level 7 of the Dungeon)

   Int:       It affects your intelligence (+4).
   rF:        It protects you from fire.
   rElec:     It insulates you from electricity.
Missiles
 g - 3 throwing nets
Armour
 c - a +0 leather armour
 d - a +2 pair of gloves (worn)
 l - a +0 cloak
 s - the +0 robe of Girasoru (worn) {Stlth+}
   (You found it on level 6 of the Dungeon)

   Stlth:     It makes you more stealthy.
 F - a scarf of harm (worn)
 J - a +2 ring mail of willpower
Jewellery
 o - a ring of protection from cold (left hand)
 B - a ring of poison resistance
 D - a ring of protection from fire (right hand)
 K - a +6 ring of intelligence
Wands
 q - a wand of roots (5)
 x - a wand of charming (5)
 I - a wand of light (4)
Scrolls
 b - 2 scrolls of immolation
 f - 2 scrolls of noise
 k - a scroll of amnesia
 n - 3 scrolls of magic mapping
 p - 3 scrolls of blinking
 u - a scroll of silence
 w - 2 scrolls of teleportation
 y - 2 scrolls of enchant armour
 E - a scroll of vulnerability
 G - a scroll of fear
 H - 2 scrolls of identify
Potions
 e - 3 potions of brilliance
 h - 4 potions of curing
 i - a potion of degeneration
 m - a potion of lignification
 r - 3 potions of haste
 t - 2 potions of attraction
 v - a potion of mutation
 z - a potion of heal wounds
 A - a potion of invisibility {unknown}
 C - 2 potions of flight


   Skills:
 - Level 8.0 Fighting
 - Level 14.0 Ranged Weapons
 - Level 6.1 Dodging
 - Level 1.3 Stealth
 - Level 7.0 Spellcasting
 - Level 7.0 Ice Magic
 + Level 5.1 Invocations
 - Level 6.0 Evocations


You had 21 spell levels left.
You knew the following spells:

 Your Spells              Type           Power      Damage    Failure   Level
a - Frozen Ramparts       Ice            44%        1d7       5%          3

Your spell library contained the following spells:

 Spells                   Type           Power      Damage    Failure   Level
 Ensorcelled Hibernation  Hex/Ice        26%        N/A       11%         2
 Passwall                 Tmut/Erth      3%         N/A       36%         2
 Ice Form                 Ice/Tmut       13%        N/A       50%         4
 Summon Ice Beast         Ice/Summ       13%        N/A       50%         4
 Dazzling Flash           Conj/Hex       8%         N/A       58%         3
 Ignite Poison            Fire/Tmut/Pois 4%         N/A       58%         3
 Swiftness                Air            4%         N/A       58%         3
 Volatile Blastmotes      Fire/Tloc      8%         2d10      58%         3
 Iskenderun's Mystic Bla  Conj/Tloc      4%         2d3       92%         4
 Sticky Flame             Conj/Fire      4%         2d3       92%         4
 Starburst                Conj/Fire      2%         6d3       100%        6
 Ignition                 Fire           2%         3d3       100%        8


Dungeon Overview and Level Annotations

Branches:
Dungeon (12/15)            Temple (0/1) D:6            Lair (0/5) D:11
    Orc (0/2) D:9

Altars:
Gozag
Hepliaklqana
Makhleb
Sif Muna
Wu Jian
Zin

Shops:
D:4 [[

Annotations:
D:4 2 transporters, turdburglar's ghost, amateur GnHs


Innate Abilities, Weirdness & Mutations

Your life essence is reduced to manifest your ancestor. (-10% HP)
You are small and have problems with some larger weapons.
You are completely attuned to the shadows.
You have a pair of small horns on your head.
You have sharp toenails.
You are strong-willed. (Will+)
Your spells are a little harder to cast, but a little more powerful.


Message History

The vampire mosquito completely misses you.
The boulder beetle bites you!!
You climb upwards.
There is a stone staircase leading down here.
You swap places.
The vampire mosquito barely misses Sizwe.
The vampire mosquito bites you but does no damage.
Sizwe misses the vampire mosquito.
The vampire mosquito barely misses Sizwe.
The vampire mosquito completely misses you.
Sizwe blocks the vampire mosquito's attack.
The vampire mosquito bites Sizwe!
The vampire mosquito bites you but does no damage.
Sizwe misses the vampire mosquito.
Casting: Frozen Ramparts (dangerous; 5% risk of failure)
Confirm with . or Enter, or press ? or * to list all spells.
Casting: Frozen Ramparts (dangerous; 5% risk of failure)
Press: ? - help, Dir - look around, f - activate The walls around you are covered in ice.
Sizwe blocks the vampire mosquito's attack.
The wall freezes the vampire mosquito.
The vampire mosquito misses you.
The wall freezes the boulder beetle but does no damage.
The boulder beetle bites you!
The vampire mosquito bites Sizwe.
The wall freezes the vampire mosquito.
The vampire mosquito bites you!
The vampire mosquito draws strength from your injuries!
Unknown command.
Unknown command.
You shoot an arrow. The arrow hits the vampire mosquito!
You destroy the vampire mosquito!
The vampire mosquito bites Sizwe!
Sizwe hits the vampire mosquito with a +0 flail!
The vampire mosquito is destroyed!
The wall freezes the boulder beetle but does no damage.
The boulder beetle bites you but does no damage.
Your Invocations skill increases to level 5!
You shoot an arrow.
The arrow hits the boulder beetle but does no damage.
The wall freezes the boulder beetle but does no damage.
The boulder beetle bites you!!
You die...

..#.# #.# #.###..............
..#.####.# #...#.####..#######
.........# #...#.##........<##
#.#.###### #...#.##.##.#######
#.#.###########...#....##.#######
.....(..........##......#.......#
#######.....######.####.#######.#
# ##.##.# ####.##.#.# #.# #
#.##.###†@.....#.# #.# #
#.##..#.B#####.#.# #.# #
#.###..R.....#.#.# #.# # #.#
##..#......#.# #.# # #.#
#..#....###.# #.#
#.####...........# #.#
#......##.######## #.#
#########.# ########.# #.#
#........#


You could see the friendly Sizwe the knight and a boulder beetle (ally target).

Vanquished Creatures
  A hydra (D:10)
  Joseph (D:9)
  2 komodo dragons
  2 trolls
  3 hornets
  A wraith (D:11)
  4 fire bats (D:10)
  A vampire (D:11)
  3 yaks (D:8)
  2 steam dragons
  A vampire mosquito (D:11)
  Menkaure (D:7)
  A hell hound (D:10)
  Duvessa (D:7)
  3 orc warriors
  An ice beast (D:6)
  A black bear (D:5)
  An ogre (D:5)
  3 centaurs
  3 kobold brigands
  A phantom (D:5)
  4 bullfrogs
  3 scorpions
  8 wights
  Dowan (D:7)
  11 killer bees
  A vampire bat (D:3)
  5 howler monkeys
  2 lava snakes (D:10)
  2 hounds
  5 jellies
  Crazy Yiuf (D:2)
  5 orc priests
  4 iguanas
  7 orc wizards
  Terence (D:2)
  11 gnolls
  6 adders
  3 shadow imps
  3 white imps
  6 ufetubi
  2 worms
  2 dart slugs
  36 orcs
  13 bats
  8 endoplasms
  2 giant cockroaches
  8 goblins
  5 hobgoblins
  6 jackals
  2 quokkas
  4 ball pythons
  13 kobolds
  8 rats
  3 fire vortices (D:10)
238 creatures vanquished.

Vanquished Creatures (collateral kills)
  A two-headed ogre (D:11)
  A troll (D:10)
  A yak (D:8)
  3 basilisks (D:11)
  A vampire mosquito (D:11)
  An ice beast (D:6)
  A bullfrog (D:7)
  A wight (D:8)
  2 killer bees
  A jelly (D:7)
  6 orc wizards
  An adder (D:6)
  6 orcs
  A kobold (D:9)
27 creatures vanquished.

Vanquished Creatures (others)
  A knight (D:10)
  4 ancestors
5 creatures vanquished.

Grand Total: 270 creatures vanquished

Notes
Turn   | Place    | Note
-------+----------+-------------------------------------------
     0 | D:1      | Newt the Kobold Hunter began the quest for the Orb.
     0 | D:1      | Reached XP level 1. HP: 12/12 MP: 1/1
   147 | D:1      | Reached XP level 2. HP: 18/18 MP: 2/2
   523 | D:1      | Reached XP level 3. HP: 23/23 MP: 3/3
  1232 | D:2      | Noticed Terence
  1237 | D:2      | Killed Terence
  1238 | D:2      | Reached XP level 4. HP: 26/30 MP: 4/4
  1261 | D:2      | Found a runed translucent door.
  1264 | D:2      | Noticed Crazy Yiuf
  1450 | D:2      | Reached skill level 5 in Fighting
  1807 | D:2      | Killed Crazy Yiuf
  1808 | D:2      | Reached skill level 6 in Ranged Weapons
  1808 | D:2      | Reached XP level 5. HP: 35/35 MP: 5/5
  2037 | D:3      | Reached skill level 7 in Ranged Weapons
  2201 | D:3      | Reached XP level 6. HP: 40/40 MP: 6/6
  2708 | D:4      | Found Womaad's Armour Shoppe.
  2773 | D:4      | Reached skill level 8 in Ranged Weapons
  3236 | D:4      | Found a transporter.
  3240 | D:4      | Found a transporter.
  3240 | D:4      | Noticed turdburglar's ghost (amateur GnHs)
  3412 | D:4      | Found a hazy altar of Hepliaklqana.
  3413 | D:4      | Found a faded altar of an unknown god.
  3432 | D:4      | Reached skill level 9 in Ranged Weapons
  3432 | D:4      | Reached XP level 7. HP: 18/39 MP: 7/7
  3435 | D:4      | Became a worshipper of Hepliaklqana the Forgotten
  3540 | D:4      | Found Jiat's Armour Boutique.
  3594 | D:5      | Entered Level 5 of the Dungeon
  3823 | D:5      | Reached skill level 10 in Ranged Weapons
  4199 | D:5      | Reached XP level 8. HP: 49/49 MP: 8/8
  4290 | D:5      | Reached skill level 5 in Dodging
  4488 | D:6      | Reached * piety under Hepliaklqana
  4507 | D:5      | HP: 2/44 [orc wizard/puff of flame (10)]
  4835 | D:6      | Reached skill level 11 in Ranged Weapons
  4910 | D:6      | Reached skill level 12 in Ranged Weapons
  4918 | D:6      | Reached XP level 9. HP: 48/48 MP: 9/9
  5042 | D:6      | Reached skill level 13 in Ranged Weapons
  5402 | D:6      | Identified the +0 robe of Girasoru {Stlth+}
  5422 | D:6      | Found a staircase to the Ecumenical Temple.
  5441 | D:6      | Found a glowing silver altar of Zin.
  5677 | D:7      | Reached skill level 14 in Ranged Weapons
  5916 | D:7      | Gained mutation: You are occasionally teleported next to
                  | monsters. [potion of mutation]
  5916 | D:7      | Gained mutation: Armour fits poorly on your strangely
                  | shaped body. [potion of mutation]
  5916 | D:7      | Gained mutation: Your muscles are strong. (Str +4, Int/Dex
                  | -1) [potion of mutation]
  5917 | D:7      | Lost mutation: You are occasionally teleported next to
                  | monsters. [potion of mutation]
  5917 | D:7      | Lost mutation: Your muscles are strong. (Str +4, Int/Dex
                  | -1) [potion of mutation]
  5917 | D:7      | Lost mutation: Armour fits poorly on your strangely shaped
                  | body. [potion of mutation]
  5917 | D:7      | Gained mutation: Your body sometimes deteriorates upon
                  | taking damage. [potion of mutation]
  5918 | D:7      | Lost mutation: Your body sometimes deteriorates upon taking
                  | damage. [potion of mutation]
  5918 | D:7      | Gained mutation: You have sharp toenails. [potion of
                  | mutation]
  5918 | D:7      | Gained mutation: You are strong-willed. (Will+) [potion of
                  | mutation]
  5918 | D:7      | Gained mutation: You have a pair of small horns on your
                  | head. [potion of mutation]
  5918 | D:7      | Gained mutation: Your spells are a little harder to cast,
                  | but a little more powerful. [potion of mutation]
  5919 | D:7      | Identified the +8 hand axe of the Inferno {holy, rElec rF+
                  | Int+4}
  6196 | D:7      | Noticed Dowan
  6198 | D:7      | Killed Dowan
  6198 | D:7      | Noticed Duvessa
  6205 | D:7      | Killed Duvessa
  6360 | D:7      | Noticed Menkaure
  6362 | D:7      | Killed Menkaure
  6560 | D:8      | Reached XP level 10. HP: 31/57 MP: 10/10
  6562 | D:8      | Identified the +1 battleaxe "Woufouc" {heavy, Str+4 Stlth+}
  6934 | D:8      | Reached skill level 5 in Evocations
  6948 | D:8      | Reached skill level 1 in Spellcasting
  6948 | D:8      | Reached skill level 1 in Ice Magic
  7081 | D:8      | Learned a level 3 spell: Frozen Ramparts
  7342 | D:8      | Reached ** piety under Hepliaklqana
  7343 | D:8      | Remembered your ancestor Sizwe as a knight
  8205 | D:9      | Noticed Joseph
  8214 | D:9      | Killed Joseph
  8557 | D:9      | Found a staircase to the Orcish Mines.
  8590 | D:9      | Reached XP level 11. HP: 27/61 MP: 13/17
  8729 | D:9      | Reached *** piety under Hepliaklqana
  8929 | D:9      | Reached skill level 5 in Spellcasting
  8929 | D:9      | Reached skill level 5 in Ice Magic
  9212 | D:10     | Entered Level 10 of the Dungeon
  9480 | D:10     | Found a shimmering blue altar of Sif Muna.
  9480 | D:10     | Found an ornate altar of the Wu Jian Council.
  9480 | D:10     | Found an opulent altar of Gozag.
  9715 | D:10     | Noticed an eight-headed hydra
  9723 | D:10     | Killed an eight-headed hydra
  9874 | D:10     | Reached **** piety under Hepliaklqana
 10171 | D:10     | Found a burning altar of Makhleb.
 10542 | D:11     | Noticed a two-headed ogre
 10549 | D:11     | Killed a two-headed ogre
 10690 | D:11     | Reached skill level 1 in Invocations
 11425 | D:11     | Found a staircase to the Lair.
 11517 | D:12     | Noticed a boulder beetle
 11527 | D:11     | Reached skill level 5 in Invocations
 11527 | D:11     | Mangled by a boulder beetle

Illustrated notes

Levels and vault maps discovered:
D:1:      giann_horns, layout_loops_cross, grunt_decor_one_mirror
D:2:      layout_basic, uniq_crazy_yiuf_cottage, uniq_terence
D:3:      layout_loops_ring, roderic_batcave
D:4:      cheibrodos_pilgrimage, layout_gridville,
          beargit_hepliaklqana_dungeon_heroes, serial_shops, shop,
          nicolae_diamond_shop, gammafunk_ghost_arena
D:5:      layout_basic
D:6:      minmay_flawed_box, layout_rooms, zin_treasury,
          minmay_temple_entry_proselytizer
D:7:      layout_loops_ring, ebering_dispersal_statue_hall, uniq_duvessa,
          uniq_menkaure
D:8:      layout_basic, st_stairs_1
D:9:      layout_stronghold, david_orc_2, serial_glass, glass_columns_c,
          glass_columns_c, uniq_joseph
D:10:     layout_loops_corners, gammafunk_temple_overflow_forgotten,
          mainiacjoe_overflow_tiny_flanked, hangedman_incinerator
D:11:     layout_basic, erik_lair_dragon
D:12:     layout_cross

Skill      XL: |  1  2  3  4  5  6  7  8  9 10 11 |
---------------+----------------------------------+-----
Fighting       | 3 4 5 7 8 |  8.0
Ranged Weapons | 6 7 9 10 12 14 | 14.0
Dodging        | 4 6 |  6.1
Evocations     | 6 |  6.0
Spellcasting   | 4 7 |  7.0
Ice Magic      | 4 7 |  7.0
Invocations    | 5 |  5.1
Stealth        | |  1.3

Action                     |  1- 3 |  4- 6 |  7- 9 | 10-12 || total
---------------------------+-------+-------+-------+-------++-------
  Melee: Shortbow          |       |     6 |       |       ||     6
   Fire: Shortbow          |    65 |   140 |   285 |   276 ||   766
   Cast: Frozen Ramparts   |       |       |       |     4 ||     4
 Invoke: Ancestor Life: Kn |       |       |       |     1 ||     1
  Evoke: Wand              |       |     1 |       |       ||     1
    Use: Scroll            |     5 |     7 |     9 |     7 ||    28
         Potion            |       |     1 |     5 |       ||     6
 Armour: Leather armour    |     8 |    22 |    22 |       ||    52
         Robe              |       |       |     3 |    12 ||    15
  Dodge: Dodged            |    13 |    70 |   109 |    75 ||   267

Table legend: (Time is in decaauts)
 A = Elapsed time spent in this place.
 B = Non-inter-level travel time spent in this place.
 C = Inter-level travel time spent in this place.
 D = Time resting spent in this place.
 E = Time spent auto-exploring this place.
 F = Levels seen in this place.
 G = Mean time per level.
                   A        B        C        D        E       F      G
               +--------+--------+--------+--------+--------+-----+--------+
         Total |  11510 |  11057 |    453 |    832 |   8923 |  12 |  959.2 |
       Dungeon |  11510 |  11057 |    453 |    832 |   8923 |  12 |  959.2 |
               +--------+--------+--------+--------+--------+-----+--------+

Top non-repeatable levels by time:
     D:8: 1468 daAuts
    D:10: 1286 daAuts
     D:4: 1273 daAuts
     D:9: 1162 daAuts
     D:2: 1043 daAuts
     D:7: 1030 daAuts
    D:11: 1005 daAuts
     D:5: 986 daAuts
     D:1: 804 daAuts
     D:3: 746 daAuts
     D:6: 697 daAuts
    D:12: 4 daAuts
